[Event "Team 45 45 League T53"]
[Site "Internet Chess Club"]
[Date "2012.05.19"]
[Round "1"]
[White "guyd52"]
[Black "dpmdpm"]
[Result "0-1"]
[WhiteElo "1310"]
[BlackElo "1578"]
[Opening "King's Indian, 3.Nf3"]
[ECO "E90"]
[Time "16:02:43"]
[TimeControl "2700+45"]

1. Nf3 Nf6 2. d4 g6 3. c4 Bg7 4. Nc3 O-O 5. e4 d6 6. h3 e5 7. dxe5 dxe5 8. Qxd8
Rxd8 9. Nxe5 Nxe4 10. Nxf7 Bxc3+ 11. bxc3 Kxf7 12. Bf4 c6 13. c5 Be6 14. Bd6
Nxd6 15. cxd6 Rxd6 16. Be2 Nd7 17. O-O Nf6 18. f3 Rad8 19. Kh2 Rd2 20. Rf2 Rxa2
21. Rb1 b6 22. g4 Rdd2 23. Re1 Nd5 24. f4 Kg7 25. f5 gxf5 26. gxf5 Bxf5 27. Rg1+
Kf6 {White resigns} 0-1

[Event "Team 45 45 League T53"]
[Site "Internet Chess Club"]
[Date "2012.05.19"]
[Round "1"]
[White "otib2006"]
[Black "Just-Jim"]
[Result "1-0"]
[WhiteElo "1404"]
[BlackElo "1306"]
[Opening "Queen's pawn game, Krause variation"]
[ECO "D02"]
[Time "12:00:35"]
[TimeControl "2700+45"]

1. d4 d5 2. Nf3 c5 3. e3 c4 4. Nc3 e6 5. b3 Bb4 6. Bd2 cxb3 7. axb3 a6 8. Na4
Bd6 9. Nc5 Bxc5 10. dxc5 Nd7 11. Ba5 b6 12. cxb6 Nxb6 13. Ne5 Qd6 14. Qd4 f6 15.
Nd3 Nd7 16. Bb4 Qb6 17. Nc5 Nxc5 18. Qxc5 Qxc5 19. Bxc5 Bb7 20. Bd3 d4 21. exd4
Kf7 22. O-O Ne7 23. Bxe7 Kxe7 24. f3 g6 25. Be4 Bxe4 26. fxe4 a5 27. Ra4 Rhc8
28. c4 Rcb8 29. Rb1 Kd6 30. b4 axb4 31. Rxa8 Rxa8 32. Rxb4 Ra1+ 33. Kf2 Rd1 34.
Rb6+ Ke7 35. d5 exd5 36. exd5 Rd2+ 37. Kf3 Rd4 38. Rb7+ Kd6 39. Rxh7 Rxc4 40.
Rh6 Kxd5 41. Rxg6 Ke5 42. Rg8 Rf4+ 43. Kg3 Rf5 44. h4 Rh5 45. Kg4 Rh6 46. Re8+
Kd4 47. h5 Kd5 48. Rg8 Ke6 49. Re8+ Kf7 50. Rd8 Ke7 51. Rb8 Ke6 52. g3 Rh7 53.
Rb6+ Ke5 54. Kh4 f5 55. Kg5 Rg7+ 56. Rg6 Rb7 57. h6 Rb3 58. Kh4 Rb2 59. Kh3 Rb3
60. h7 Rb1 61. Kh2 Rb2+ 62. Kg1 Rb7 63. Rg7 Rxg7 64. h8=Q Kf6 65. Qd8+ Kf7 66.
Qd7+ Kf6 67. Qd6+ Kf7 68. Qe5 Kg6 69. Qe6+ Kg5 70. Kg2 Rg6 71. Qe7+ Kh6 72. Qh4+
Kg7 73. Qf4 Kf6 74. Kf3 Rg4 75. Qd6+ Kg5 76. Qe7+ Kg6 77. Qe8+ Kg5 78. Qf7 Re4
79. Qg7+ Kh5 80. Qf6 Re1 81. Qxf5+ Kh6 82. Kg2 Re2+ 83. Kh3 Re1 84. Kg4 Rh1 85.
Qf6+ Kh7 86. Qf7+ Kh6 87. Qe8 {Black resigns} 1-0

[Event "Team 45 45 League T53"]
[Site "Internet Chess Club"]
[Date "2012.05.17"]
[Round "1"]
[White "WilmaP"]
[Black "dabodhi"]
[Result "0-1"]
[WhiteElo "1130"]
[BlackElo "1233"]
[Opening "Scandinavian: Icelandic gambit"]
[ECO "B01"]
[Time "14:31:21"]
[TimeControl "2700+45"]

1. e4 d5 2. exd5 Nf6 3. c4 e6 4. Nf3 Bc5 5. d4 Bb4+ 6. Bd2 Bxd2+ 7. Nbxd2 exd5
8. Ne5 O-O 9. Bd3 Nbd7 10. O-O Nxe5 11. dxe5 Ng4 12. h3 Nxe5 13. Bc2 d4 14.
Bxh7+ Kxh7 15. Qh5+ Kg8 16. Qxe5 Re8 17. Qg3 Qf6 18. Rad1 c5 19. a3 b6 20. f3
Bb7 21. Ne4 Qe6 22. Rde1 Bxe4 23. Rxe4 Qxc4 24. Rxe8+ Rxe8 25. Re1 Rf8 26. Qc7
d3 27. Qd7 Qc2 28. b4 c4 29. Qd6 d2 30. Rf1 Re8 31. Rf2 Re1+ 32. Rf1 Rxf1+ 33.
Kxf1 d1=Q+ 34. Qxd1 Qxd1+ 35. Kf2 c3 {White resigns} 0-1

[Event "Team 45 45 League T53"]
[Site "Internet Chess Club"]
[Date "2012.05.17"]
[Round "1"]
[White "WzeroMN"]
[Black "carolinaknight"]
[Result "0-1"]
[WhiteElo "1073"]
[BlackElo "1249"]
[Opening "French: Winawer, fingerslip variation"]
[ECO "C15"]
[Time "18:31:33"]
[TimeControl "2700+45"]

1. e4 e6 2. d4 d5 3. Nc3 Bb4 4. Bd2 dxe4 5. Nxe4 Qxd4 6. Qe2 Qxb2 7. Qd1 Qd4 8.
Bd3 Bxd2+ 9. Qxd2 Qxa1+ 10. Ke2 Qxa2 11. Nf3 Bd7 {White resigns} 0-1

[Event "Team 45 45 League T53"]
[Site "Internet Chess Club"]
[Date "2012.05.18"]
[Round "1"]
[White "GideonL"]
[Black "sockmonkey"]
[Result "1-0"]
[WhiteElo "1256"]
[BlackElo "1381"]
[Opening "Caro-Kann defense"]
[ECO "B11"]
[Time "10:00:33"]
[TimeControl "2700+45"]

1. e4 c6 2. Nc3 d5 3. exd5 cxd5 4. d4 Bf5 5. Bf4 Nc6 6. Nf3 e6 7. Be2 Nf6 8. O-O
Be7 9. Ne5 Nxe5 10. dxe5 Nd7 11. Bb5 a6 12. Bxd7+ Qxd7 13. Ne2 O-O 14. Ng3 Bg6
15. c3 Rac8 16. Qb3 Rc5 17. Qd1 Rd8 18. Qd4 Rc4 19. Qd2 d4 20. Rad1 f6 21. Rfe1
Be8 22. exf6 Bxf6 23. Qe2 Bf7 24. Qxc4 e5 25. Qb4 exf4 26. Ne4 Be7 27. Qxd4 Qxd4
28. Rxd4 Rxd4 29. cxd4 Bd5 30. Nc3 Bc4 31. Rxe7 Kf8 32. Rxb7 {Black resigns} 1-0

[Event "Team 45 45 League T53"]
[Site "Internet Chess Club"]
[Date "2012.05.18"]
[Round "1"]
[White "Iowa-Archer"]
[Black "KrazyLegz"]
[Result "1-0"]
[WhiteElo "1403"]
[BlackElo "1200"]
[Opening "King's gambit"]
[ECO "C30"]
[Time "20:00:17"]
[TimeControl "2700+45"]

1. e4 e5 2. f4 Nc6 3. fxe5 Nxe5 4. d4 Ng6 5. Nf3 d5 6. exd5 Qxd5 7. Nc3 Bb4 8.
Be2 Bf5 9. O-O Bxc3 10. bxc3 Nf6 11. c4 Qd7 12. Ne5 Nxe5 13. dxe5 Qxd1 14. Bxd1
Ng4 15. Rxf5 g6 16. Rg5 Nh6 17. Bf3 Nf5 18. Bxb7 Rd8 19. Bc6+ Ke7 20. Ba3+ Ke6
21. Bd5+ Kxe5 22. Bb2+ Kf4 23. Bc1+ Ke5 24. Rg4 Kd6 25. Ba3+ c5 26. Bxf7 Rhf8
27. Rd1+ Ke7 28. Bxc5+ Kxf7 29. Re1 Rfe8 30. Rb1 Re5 31. Bxa7 Ra8 32. Rb7+ Re7
33. Rxe7+ Nxe7 34. Bd4 Rxa2 35. c3 Nc6 36. Rf4+ Ke7 37. Bc5+ Ke8 38. Rf2 Ra1+
39. Rf1 Ra2 40. h3 Rc2 41. Re1+ Kf7 42. Re3 Na5 43. Re7+ Kg8 44. Bd4 Nxc4 45.
Rg7+ Kf8 46. Rxh7 Re2 47. Rc7 Nd6 48. Bc5 Re1+ 49. Kh2 Re6 50. Rd7 Ke8 51. Rxd6
Rxd6 52. Bxd6 Kd7 53. Bb4 Kc6 54. g4 Kd5 55. h4 Ke4 56. h5 gxh5 57. gxh5 Kf5 58.
h6 Kg6 59. c4 Kxh6 60. c5 Kg7 61. c6 {Black resigns} 1-0

[Event "Team 45 45 League T53"]
[Site "Internet Chess Club"]
[Date "2012.05.20"]
[Round "1"]
[White "tamky70"]
[Black "artspir"]
[Result "1-0"]
[WhiteElo "1399"]
[BlackElo "1184"]
[Opening "Caro-Kann: Bronstein-Larsen variation"]
[ECO "B16"]
[Time "14:00:26"]
[TimeControl "2700+45"]

1. e4 c6 2. d4 d5 3. Nc3 dxe4 4. Nxe4 Nf6 5. Nxf6+ gxf6 6. Be3 e6 7. Nf3 Nd7 8.
Qd2 Bd6 9. Bh6 b5 10. Bf4 Qe7 11. Bxd6 Qxd6 12. O-O-O Bb7 13. Bd3 O-O-O 14. Qc3
Kb8 15. Nd2 e5 16. dxe5 fxe5 17. Ne4 Qh6+ 18. Kb1 Rhg8 19. Qa5 Nb6 20. Qb4 Rxg2
21. Qe7 Rgg8 22. Qxe5+ Ka8 23. Qc7 Nd5 24. Qxf7 Rdf8 25. Qd7 Nf6 26. Qe6 Bc8 27.
Qxc6+ Bb7 28. Qe6 Bxe4 29. Bxe4+ Kb8 30. Qd6+ Kc8 31. Qc6+ Kb8 32. Qb7# {Black
checkmated} 1-0

[Event "Team 45 45 League T53"]
[Site "Internet Chess Club"]
[Date "2012.05.19"]
[Round "1"]
[White "RobertBuice"]
[Black "theartist"]
[Result "1/2-1/2"]
[WhiteElo "1038"]
[BlackElo "1205"]
[Opening "Queen's Indian: 4.Nc3"]
[ECO "E12"]
[Time "12:33:00"]
[TimeControl "2700+45"]

1. d4 Nf6 2. c4 e6 3. Nf3 b6 4. Nc3 Ba6 5. e3 Bb7 6. Bd3 Bb4 7. O-O Bxc3 8. bxc3
Ne4 9. Qc2 f5 10. Ba3 c5 11. d5 exd5 12. cxd5 Bxd5 13. c4 Bb7 14. Rab1 O-O 15.
Nd2 Nxd2 16. Qxd2 d5 17. Qc3 Qf6 18. Bb2 Qxc3 19. Bxc3 Nd7 20. Rfd1 g6 21. a4
Rfc8 22. h4 Rf8 23. f3 Rae8 24. Kf2 Ne5 25. a5 Rf6 26. cxd5 Bxd5 27. Bb5 Bc6 28.
Bxe5 Rxe5 29. Bc4+ Kg7 30. axb6 axb6 31. Rxb6 Ba4 32. Rb7+ Kh6 33. Rd8 Bc6 34.
Rbb8 Re7 35. Bb5 Bxb5 36. Rxb5 Rc6 37. g4 fxg4 38. fxg4 Rg7 39. Rd5 Rf7+ 40. Kg3
c4 41. Rh5+ Kg7 42. Rhg5 c3 43. Rbc5 Rxc5 44. Rxc5 Rf1 45. Rxc3 Re1 {Game drawn
by mutual agreement} 1/2-1/2

[Event "Team 45 45 League T53"]
[Site "Internet Chess Club"]
[Date "2012.05.21"]
[Round "1"]
[White "tornado100"]
[Black "Cicero"]
[Result "1-0"]
[WhiteElo "1285"]
[BlackElo "1289"]
[Opening "Pirc: classical (two knights) system"]
[ECO "B08"]
[Time "17:00:13"]
[TimeControl "2700+45"]

1. e4 d6 2. d4 Nf6 3. Nc3 g6 4. Nf3 Bg7 5. Bg5 O-O 6. Bd3 h6 7. Bh4 c5 8. d5 Na6
9. a3 Qc7 10. O-O c4 11. Be2 Nc5 12. Nd2 Kh7 13. Bxc4 e6 14. Qf3 Ncd7 15. Bb5
Ne5 16. Qe2 a6 17. Bc4 b5 18. Bb3 Bd7 19. Nf3 Rae8 20. Nxe5 dxe5 21. Qf3 Qd8 22.
a4 b4 23. Na2 Nh5 24. Bxd8 Rxd8 25. Nxb4 f5 26. dxe6 fxe4 27. Qxe4 Nf4 28. e7
Bf5 29. Qe3 Rb8 30. exf8=Q Rxf8 31. Rad1 g5 32. Rd2 Rf6 33. Qxe5 Rg6 34. Qxf5
Ne2+ 35. Rxe2 {Black resigns} 1-0

[Event "Team 45 45 League T53"]
[Site "Internet Chess Club"]
[Date "2012.05.18"]
[Round "1"]
[White "arconia"]
[Black "Goldenberg"]
[Result "0-1"]
[WhiteElo "1321"]
[BlackElo "1486"]
[Opening "Sicilian: Hungarian variation"]
[ECO "B27"]
[Time "20:00:05"]
[TimeControl "2700+45"]

1. e4 c5 2. Nf3 g6 3. Bc4 Nc6 4. O-O Bg7 5. Nc3 Nf6 6. d3 O-O 7. h4 d6 8. Nh2
Ne5 9. Bb3 a6 10. f4 Nc6 11. f5 Nd4 12. Ng4 Nxg4 13. Qxg4 b5 14. Bd5 Rb8 15. h5
e6 16. hxg6 hxg6 17. fxg6 exd5 18. Qh5 fxg6 19. Rxf8+ Qxf8 20. Qxg6 dxe4 21. Bh6
Qf6 22. Qe8+ Qf8 23. Qg6 Bf5 24. Qg3 b4 25. Bxg7 Qxg7 26. Qxg7+ Kxg7 27. dxe4
bxc3 28. bxc3 Nxc2 29. Rd1 Rd8 30. exf5 Kf6 31. g4 Ne3 32. Rf1 Nxf1 {White
resigns} 0-1

[Event "Team 45 45 League T53"]
[Site "Internet Chess Club"]
[Date "2012.05.18"]
[Round "1"]
[White "zhou2004"]
[Black "lawth3"]
[Result "0-1"]
[WhiteElo "1071"]
[BlackElo "1264"]
[Opening "Nimzo-Indian: three knights variation"]
[ECO "E21"]
[Time "18:59:17"]
[TimeControl "2700+45"]

1. d4 Nf6 2. c4 e6 3. Nc3 Bb4 4. Nf3 Bxc3+ 5. bxc3 O-O 6. e3 b6 7. Bd3 Bb7 8.
Bb1 Nc6 9. Qc2 h6 10. e4 Na5 11. e5 Be4 12. Qe2 Bxb1 13. Rxb1 Ne8 14. Qe4 f5 15.
Qe3 Nxc4 16. Qd3 Na5 17. g3 d6 18. exd6 Qxd6 19. Bb2 c5 20. O-O Rb8 21. c4 Nf6
22. Qc3 Ne4 23. Qd3 Rfc8 24. Nd2 Nxd2 25. Qxd2 Nxc4 26. Qc3 Nxb2 27. Rxb2 Qxd4
28. Qxd4 cxd4 29. Rb3 Rc2 30. Ra3 a5 31. Ra1 Ra8 32. Ra4 b5 33. Rxd4 Kf7 34.
Rd7+ Kf6 35. a3 Rb2 36. Kf1 a4 37. Ke1 b4 38. axb4 Rxb4 39. Kd2 a3 40. h4 a2 41.
Kc3 Rb1 42. Rxb1 axb1=Q 43. Rd2 Rc8+ 44. Kd4 Rd8+ 45. Ke3 Qc1 46. Ke2 Qxd2+ 47.
Kf3 Rd3+ 48. Kg2 Qe2 49. h5 Qxh5 50. Kf1 Ra3 51. Kg2 Kg5 52. Kg1 Ra1+ 53. Kg2
Kg4 54. f3+ Kg5 55. f4+ Kg4 56. Kf2 Ra3 57. Kg2 Rxg3+ 58. Kf2 Qh2+ 59. Kf1 Rg1#
{White checkmated} 0-1

[Event "Team 45 45 League T53"]
[Site "Internet Chess Club"]
[Date "2012.05.19"]
[Round "1"]
[White "Macovitski"]
[Black "mc9999"]
[Result "1-0"]
[WhiteElo "1069"]
[BlackElo "1129"]
[Opening "Sicilian: Alapin's variation (2.c3)"]
[ECO "B22"]
[Time "19:02:08"]
[TimeControl "2700+45"]

1. e4 c5 2. c3 Nc6 3. d4 d6 4. Nf3 Nf6 5. Bc4 e5 6. dxe5 Nxe4 7. O-O Bg4 8. Nbd2
Nxd2 9. Bxd2 Nxe5 10. Re1 Qf6 11. Bg5 Qf5 12. Qb3 h6 13. Qxb7 Bxf3 14. Qxa8+
Bxa8 15. Bb5+ Qd7 16. Bxd7+ Kxd7 17. Rad1 hxg5 18. Rxe5 Kc6 19. Rxg5 g6 20. c4
Be7 21. Rgd5 Kc7 22. R5d3 Be4 23. Re3 Rh4 24. f3 Bg5 25. Rxe4 Rxe4 26. fxe4 Be3+
27. Kh1 Kd7 28. Rd3 Bd4 29. Rb3 f5 30. exf5 gxf5 31. Rb7+ Ke6 32. b3 a5 33. a3
Bb2 34. a4 d5 35. cxd5+ Kxd5 36. h4 Kd4 37. h5 Ke3 38. h6 Kf2 39. Rb8 Be5 40.
Rc8 c4 41. bxc4 f4 42. h7 f3 43. gxf3 Kf1 44. h8=Q Bxh8 45. Rxh8 Kf2 46. c5 Kf1
47. c6 Ke1 48. c7 Kd1 49. c8=Q Ke1 50. Rh2 Kf1 51. Qh8 Ke1 52. Qa1# {Black
checkmated} 1-0

[Event "Team 45 45 League T53"]
[Site "Internet Chess Club"]
[Date "2012.05.18"]
[Round "1"]
[White "jantonio"]
[Black "jhbchess"]
[Result "0-1"]
[WhiteElo "1644"]
[BlackElo "1648"]
[Opening "Réti: King's Indian attack (Barcza system)"]
[ECO "A07"]
[Time "20:00:22"]
[TimeControl "2700+45"]

1. Nf3 d5 2. g3 c6 3. Bg2 Nf6 4. O-O Bf5 5. d3 e6 6. Nbd2 Be7 7. Re1 O-O 8. h3
a5 9. Nh4 Bc5 10. Nxf5 exf5 11. e3 Re8 12. Nb3 Bb4 13. c3 Bd6 14. Nd4 g6 15. e4
fxe4 16. Bg5 Be7 17. dxe4 Nxe4 18. Bxe7 Rxe7 19. Bxe4 Rxe4 20. Rxe4 dxe4 21. Qg4
c5 22. Nf5 Nc6 23. Rd1 Qf8 24. Nd6 f5 25. Qe2 Ne5 26. Nxb7 Nd3 27. Rxd3 exd3 28.
Qxd3 Rb8 29. Qd5+ Qf7 30. Qxf7+ Kxf7 31. Nd6+ Ke6 32. Nc4 a4 33. Kf1 Kd5 34.
Ne3+ Ke4 35. Nd1 Kd3 36. b3 axb3 37. Nb2+ Kc2 {White resigns} 0-1

[Event "Team 45 45 League T53"]
[Site "Internet Chess Club"]
[Date "2012.05.21"]
[Round "1"]
[White "Insan996"]
[Black "gandre"]
[Result "0-1"]
[WhiteElo "1580"]
[BlackElo "1784"]
[Opening "Queen's pawn game"]
[ECO "D04"]
[Time "19:01:57"]
[TimeControl "2700+45"]

1. d4 d5 2. Nf3 Nf6 3. e3 Bg4 4. h3 Bh5 5. g4 Bg6 6. Nh4 e6 7. Nc3 Bb4 8. Nxg6
hxg6 9. Bd2 a6 10. Bg2 Nc6 11. Qe2 Qe7 12. a3 Bd6 13. O-O-O b5 14. g5 Nd7 15.
Qg4 O-O-O 16. Be1 b4 17. axb4 Bxb4 18. e4 Nb6 19. Nxd5 Nxd5 20. exd5 Na5 21.
dxe6 Bxe1 22. Rhxe1 fxe6 23. Qxe6+ Qxe6 24. Rxe6 Rd6 25. Rde1 Rf8 26. f3 Nc6 27.
Rxd6 cxd6 28. c3 Kd7 29. Kd2 Rf5 30. h4 Rf4 31. Re4 Rf8 32. d5 Ne7 33. Bh3+ Nf5
34. Ra4 Rh8 35. Kd3 Kc7 36. Ra5 Kb6 37. Ra4 Rxh4 38. Rxh4 Nxh4 39. Bg4 Kc5 40.
c4 a5 41. f4 Ng2 42. f5 gxf5 43. Bxf5 Nh4 44. Bg4 Ng6 45. Bf5 Ne5+ 46. Kc3 Nxc4
47. Be6 Ne3 48. Kd3 Nxd5 49. Bxd5 Kxd5 50. Kc3 Ke4 51. Kb3 d5 52. Kc2 Ke3 53. g6
a4 54. b3 axb3+ 55. Kxb3 d4 56. Kc2 Ke2 {White resigns} 0-1

[Event "Team 45 45 League T53"]
[Site "Internet Chess Club"]
[Date "2012.05.22"]
[Round "1"]
[White "moomaster"]
[Black "fireball"]
[Result "1-0"]
[WhiteElo "1661"]
[BlackElo "1700"]
[Opening "English opening"]
[ECO "E61"]
[Time "18:44:52"]
[TimeControl "2700+45"]

1. Nf3 Nf6 2. c4 d6 3. d4 g6 4. Nc3 Bg7 5. Bf4 O-O 6. e3 Nbd7 7. Be2 c5 8. O-O
Nh5 9. Bg3 Nxg3 10. hxg3 e5 11. d5 f5 12. a3 e4 13. Nd2 Ne5 14. Rc1 a6 15. b4
cxb4 16. axb4 a5 17. bxa5 Rxa5 18. Nb3 Ra8 19. Nb5 b6 20. N3d4 Qe7 21. Qb3 g5
22. Ra1 Bd7 23. Rxa8 Rxa8 24. Nc7 Rb8 25. Nce6 Bxe6 26. Nxe6 Bf6 27. Rd1 g4 28.
c5 dxc5 29. d6 Qf7 30. Nxc5 Qxb3 31. Nxb3 b5 32. Nd4 b4 33. Rb1 Nd3 34. d7 Bxd4
35. Bxd3 Bc3 36. Bc4+ Kg7 37. Rd1 Rd8 38. Bb3 Be5 39. Ba4 Kf6 40. Rd5 Ke6 41.
Rc5 Bd6 42. Rc6 Rxd7 43. Rc8 Ra7 44. Bb3+ Ke7 45. Rh8 Kf6 46. Rd8 Be7 47. Rb8
Ra1+ 48. Kh2 Rb1 49. Rb6+ Ke5 50. Re6# {Black checkmated} 1-0

[Event "Team 45 45 League T53"]
[Site "Internet Chess Club"]
[Date "2012.05.19"]
[Round "1"]
[White "PawnPusher3"]
[Black "BrianWood"]
[Result "1-0"]
[WhiteElo "1568"]
[BlackElo "1426"]
[Opening "French: Albin-Alekhine-Châtard attack, Spielmann variation"]
[ECO "C13"]
[Time "12:32:43"]
[TimeControl "2700+45"]

1. e4 e6 2. d4 d5 3. Nc3 Nf6 4. Bg5 Be7 5. e5 Nfd7 6. h4 O-O 7. Bd3 c5 8. Qh5 g6
9. Qh6 f5 10. exf6 Bxf6 11. Bxf6 Qxf6 12. Nf3 c4 13. Be2 Qf4 14. Qxf4 Rxf4 15.
h5 Nc6 16. O-O-O Nf8 17. hxg6 Nxg6 18. g3 Rf7 19. Rh2 Bd7 20. b3 Raf8 21. bxc4
Nce7 22. Rdh1 a6 23. cxd5 Nxd5 24. Nxd5 exd5 25. Ne5 Nxe5 26. dxe5 Rxf2 27. Rxh7
Rxe2 28. Rxd7 Rxe5 29. Rxb7 Rg5 30. Ra7 Rxg3 31. Rxa6 d4 32. Rd6 Ra8 33. Kb2
Rb8+ 34. Kc1 Ra8 35. Rxd4 Rxa2 36. Kb1 Ra8 37. Rd3 Ra3 38. Rxa3 Rxa3 39. Kb2 Rf3
40. Re1 Kf7 41. c3 Rf6 42. Kb3 Re6 43. Rxe6 Kxe6 44. Kc4 Kd7 45. Kd5 {Black
resigns} 1-0

[Event "Team 45 45 League T53"]
[Site "Internet Chess Club"]
[Date "2012.05.19"]
[Round "1"]
[White "vaknight"]
[Black "JWB"]
[Result "1/2-1/2"]
[WhiteElo "1749"]
[BlackElo "1664"]
[Opening "Bird's opening"]
[ECO "A02"]
[Time "10:00:30"]
[TimeControl "2700+45"]

1. f4 g6 2. Nf3 d6 3. d4 Nf6 4. e3 Bg7 5. Bd3 c6 6. O-O O-O 7. c3 b5 8. Nbd2 a5
9. Qe1 Nbd7 10. Qh4 e5 11. fxe5 dxe5 12. Ne4 Nxe4 13. Qxd8 Rxd8 14. Bxe4 Bb7 15.
Bd2 Nf6 16. Bc2 exd4 17. exd4 c5 18. Bg5 h6 19. Bxf6 Bxf6 20. dxc5 Kg7 21. Rad1
Bxf3 22. gxf3 b4 23. Be4 Rxd1 24. Rxd1 Rd8 25. Rxd8 Bxd8 26. cxb4 axb4 27. a3
bxa3 28. bxa3 Kf6 29. Kf2 Ke7 30. Ke3 Kd7 31. Kd4 f5 32. Bd5 Bc7 33. h3 g5 34.
a4 h5 35. Kc4 g4 36. hxg4 hxg4 37. fxg4 fxg4 38. Kb5 g3 39. a5 Kc8 40. a6 Bb8
41. Kc6 Ba7 42. Bg2 Kb8 43. Kd6 Kc8 44. c6 Bb8+ {Game drawn by mutual agreement}
1/2-1/2

[Event "Team 45 45 League T53"]
[Site "Internet Chess Club"]
[Date "2012.05.18"]
[Round "1"]
[White "Frankly"]
[Black "Giacometti"]
[Result "1/2-1/2"]
[WhiteElo "1759"]
[BlackElo "1686"]
[Opening "Dutch"]
[ECO "A80"]
[Time "16:00:25"]
[TimeControl "2700+45"]

1. d4 f5 2. Nc3 Nf6 3. Bg5 e6 4. e4 fxe4 5. Nxe4 Be7 6. Bd3 O-O 7. Nf3 Nxe4 8.
Bxe7 Nxf2 9. Bxd8 Nxd1 10. Rxd1 Rxd8 11. O-O Nc6 12. c3 b6 13. Ng5 h6 14. Ne4
Bb7 15. Rf2 Rf8 16. Rdf1 Rxf2 17. Rxf2 Rf8 18. Re2 Ne7 19. Nd2 Nd5 20. g3 a5
{Game drawn by mutual agreement} 1/2-1/2

[Event "Team 45 45 League T53"]
[Site "Internet Chess Club"]
[Date "2012.05.18"]
[Round "1"]
[White "nursey"]
[Black "julesraider"]
[Result "0-1"]
[WhiteElo "1615"]
[BlackElo "1595"]
[Opening "Sicilian: Najdorf, 6...e6"]
[ECO "B95"]
[Time "15:04:31"]
[TimeControl "2700+45"]

1. e4 c5 2. Nf3 d6 3. d4 cxd4 4. Nxd4 Nf6 5. Nc3 a6 6. Bg5 e6 7. Bc4 Nc6 8. Nxc6
bxc6 9. O-O Be7 10. Re1 Nd7 11. Bxe7 Qxe7 12. f4 O-O 13. a3 Bb7 14. Qe2 Nb6 15.
Bb3 Rfd8 16. Rad1 Qc7 17. Rd2 Rd7 18. Red1 Rad8 19. Qf3 d5 20. e5 c5 21. Ne2 Bc6
22. Ba2 Nc4 23. Bxc4 dxc4 24. Rxd7 Rxd7 25. Rxd7 Qxd7 26. Qc3 Qd5 27. Qg3 Qd1+
28. Kf2 Qxc2 29. Qg5 h6 30. Qd8+ Kh7 31. Qc7 Be4 32. Qxf7 Bd3 33. Qh5 Qxb2 34.
a4 c3 35. Ke3 Qd2+ 36. Kf2 c2 37. Kg3 Bxe2 {White resigns} 0-1

[Event "Team 45 45 League T53"]
[Site "Internet Chess Club"]
[Date "2012.05.19"]
[Round "1"]
[White "BenjaminSisko"]
[Black "SeniorCitizen"]
[Result "1-0"]
[WhiteElo "1462"]
[BlackElo "1368"]
[Opening "French: Winawer, advance variation"]
[ECO "C16"]
[Time "13:11:21"]
[TimeControl "2700+45"]

1. e4 e6 2. d4 d5 3. Nc3 Bb4 4. e5 Ne7 5. Bd2 Bd7 6. Nce2 Bxd2+ 7. Qxd2 Bb5 8.
Nf3 Nd7 9. h4 c5 10. c3 Qb6 11. g3 Nc6 12. a4 Bc4 13. Nf4 Bxf1 14. Kxf1 cxd4 15.
cxd4 Qa6+ 16. Qd3 Qxd3+ 17. Nxd3 O-O 18. b4 a6 19. Kg2 Ne7 20. Rhc1 Rfc8 21. Nd2
Rxc1 22. Rxc1 Rc8 23. Rxc8+ Nxc8 24. Nb3 Kf8 25. Ndc5 Ke8 26. Nxb7 Ncb6 27. N3c5
Nxc5 28. Nxc5 Kd8 29. a5 Na8 30. Nxa6 Kc8 31. b5 Kb7 32. Nc5+ Kc7 33. f4 g6 34.
g4 h6 35. Kf3 g5 {Black resigns} 1-0

[Event "Team 45 45 League T53"]
[Site "Internet Chess Club"]
[Date "2012.05.19"]
[Round "1"]
[White "Nathan-L"]
[Black "Dracoac"]
[Result "1-0"]
[WhiteElo "1654"]
[BlackElo "1756"]
[Opening "Grünfeld: 5.Bg5"]
[ECO "D91"]
[Time "11:07:32"]
[TimeControl "2700+45"]

1. d4 Nf6 2. c4 g6 3. Nc3 d5 4. Nf3 Bg7 5. Bg5 Ne4 6. Bd2 Nxd2 7. Qxd2 dxc4 8.
e3 O-O 9. Bxc4 c5 10. dxc5 Nc6 11. O-O Bg4 12. Qxd8 Rfxd8 13. Rad1 Rac8 14.
Rxd8+ Rxd8 15. Rd1 Rxd1+ 16. Nxd1 Bf5 17. Nc3 e5 18. e4 Bg4 19. Ng5 Nd8 20. h3
Bd7 21. b4 h6 22. Nf3 Ne6 23. Bb5 Bc8 24. Nd5 Kf8 25. Kf1 a6 26. Bc4 Ke8 27. Nb6
Bd7 28. Nxd7 Kxd7 29. Bxe6+ Kxe6 30. Ke2 Kd7 31. Kd3 Kc6 32. Kc4 f5 33. exf5
gxf5 34. a4 b6 35. cxb6 Kxb6 36. Kd5 e4 37. Nd4 Bf8 38. b5 axb5 39. axb5 Bc5 40.
Nxf5 Bxf2 41. Kxe4 Kxb5 42. Nxh6 Kc6 43. Nf5 Kd7 44. Ke5 Ke8 45. Kf6 Kf8 46. g4
Kg8 47. h4 Kh7 48. g5 Be1 49. g6+ Kg8 50. Ne7+ Kh8 51. g7+ Kh7 52. g8=Q+ Kh6 53.
Qh8# {Black checkmated} 1-0

[Event "Team 45 45 League T53"]
[Site "Internet Chess Club"]
[Date "2012.05.21"]
[Round "1"]
[White "clarinetref"]
[Black "Manch"]
[Result "1/2-1/2"]
[WhiteElo "1661"]
[BlackElo "1526"]
[Opening "Sicilian: Kan variation"]
[ECO "B41"]
[Time "11:07:55"]
[TimeControl "2700+45"]

1. e4 c5 2. Nf3 e6 3. d4 cxd4 4. Nxd4 a6 5. Be3 Qc7 6. Bd3 Nf6 7. h3 b5 8. Nd2
Bb7 9. a3 d5 10. exd5 Nxd5 11. O-O Nxe3 12. fxe3 Bc5 13. c4 bxc4 14. Nxc4 Nc6
15. Qg4 O-O 16. Qh5 h6 17. Qxc5 Qg3 18. Rf3 Qc7 19. Nd6 Qe7 20. Nxc6 Bxc6 21.
Qxc6 Rad8 22. Nxf7 Rxd3 23. Nxh6+ gxh6 24. Rxf8+ Kxf8 25. Rf1+ Kg7 26. Qe4 Rd5
27. Qg4+ Rg5 28. Qd4+ e5 29. Qb6 Rg6 30. Qb4 Qxb4 31. axb4 Rb6 32. Rf5 Rxb4 33.
Rxe5 Rxb2 34. Ra5 Rb6 35. Kf2 Kf7 36. e4 Kg7 37. Ke3 Kf7 38. Kf4 Rf6+ 39. Ke5
Re6+ 40. Kd5 Ke7 41. e5 Rb6 42. Ra3 Rb5+ 43. Ke4 a5 44. Kf5 Kf7 45. Rc3 a4 46.
Rc7+ Ke8 47. Ra7 Rb4 48. e6 Rc4 49. g3 Rc3 50. Rxa4 Rxg3 51. Rh4 Rf3+ 52. Ke4
Rf6 53. Ke5 Ke7 54. Rg4 Rxe6+ 55. Kf5 Rf6+ 56. Ke4 Re6+ 57. Kf3 Rf6+ 58. Kg3 Ke6
59. Kh4 Kf5 60. Kh5 Rb6 61. Rc4 Re6 62. Rc5+ Ke4 63. Rc4+ Kf5 64. Rc5+ Ke4 65.
Kg4 Rg6+ 66. Kh5 Re6 {Game drawn by repetition} 1/2-1/2

[Event "Team 45 45 League T53"]
[Site "Internet Chess Club"]
[Date "2012.05.22"]
[Round "1"]
[White "mongmong"]
[Black "ElMarginal"]
[Result "1/2-1/2"]
[WhiteElo "1650"]
[BlackElo "1503"]
[Opening "Queen's pawn: Yusupov-Rubinstein system"]
[ECO "A46"]
[Time "19:08:04"]
[TimeControl "2700+45"]

1. d4 Nf6 2. Nf3 e6 3. e3 b6 4. Bd3 Bb7 5. Nbd2 Be7 6. c3 O-O 7. O-O c5 8. Qe2
d5 9. e4 dxe4 10. Nxe4 Nbd7 11. dxc5 Nxc5 12. Nxc5 Bxc5 13. Bg5 Be7 14. Rfd1 Qc7
15. Bxf6 Bxf6 16. Be4 Rfd8 17. Bxb7 Qxb7 18. c4 Rac8 19. Rxd8+ Rxd8 20. Rb1 Qc6
21. b3 h6 22. Rd1 Rd6 23. h3 Kf8 24. Rxd6 Qxd6 25. Qd2 Ke7 26. Qxd6+ Kxd6 27.
Kf1 Kc5 28. Nd2 Kb4 29. Nb1 a5 30. Ke2 a4 31. Nd2 axb3 32. axb3 Bc3 33. Ne4 Kxb3
34. Nd6 f5 35. Kd3 Kb4 36. f3 Be5 37. Nb5 Kc5 38. Na3 g5 39. g4 Bb2 40. Nb5 Kc6
41. Kc2 Ba1 42. Kd3 Bf6 43. Ke3 Be7 44. Kd3 Bc5 45. Kc3 Kd7 46. Kd3 Ke7 47. Nc7
Kf7 48. Nb5 Kg6 49. Nc7 Kf6 50. Ke2 Ke5 51. Kf1 Bd6 52. Nb5 Bb8 53. Kf2 Kf4 54.
Nc3 Ke5 55. Nb5 Kf6 56. Ke3 Be5 57. Kd3 Kg6 58. Ke3 h5 59. Kd3 hxg4 60. hxg4 Kf6
61. Ke3 Ke7 62. Kd3 Kd7 63. Ke3 Kc6 64. Kd3 Kc5 65. Na3 Bb2 66. Nb5 Be5 67. Na3
Kb4 68. Nb5 Kb3 69. Na7 Ka4 70. Nc6 Bf6 71. Na7 Kb4 72. Nb5 Be5 73. Na7 Kc5 74.
Nb5 fxg4 75. fxg4 Bf4 76. Nc3 e5 77. Ne4+ Kc6 78. Nc3 Kb7 79. Ke4 Kc6 80. Kd3
Kc5 81. Ne4+ Kb4 82. Nd6 Ka5 83. Nb5 Kb4 84. Nd6 Kc5 85. Ne4+ Kc6 86. Nc3 {Game
drawn by repetition} 1/2-1/2